 Dungeon Crawl Stone Soup version 0.21.1-1-g345015f (webtiles) character file.

104 tyranidshit the Skirmisher (level 4, -13/39 HPs)
             Began as a Demonspawn Abyssal Knight on July 26, 2018.
             Was a Believer of Lugonu.
             Killed from afar by lysyklops's ghost (20 damage)
             ... with a flame tongue
             ... on level 3 of the Dungeon.
             The game lasted 00:06:13 (2265 turns).

tyranidshit the Skirmisher (DsAK)                   Turns: 2265, Time: 00:06:14

Health: -13/39     AC: 17    Str: 13    XL:     4   Next: 52%
Magic:  5/5        EV:  3    Int: 14    God:    Lugonu [**....]
Gold:   258        SH:  0    Dex: 12    Spells: 3/3 levels left

rFire    . . .     SeeInvis .   a - +2 hand axe
rCold    . . .     Gourm    .   (no shield)
rNeg     . . .     Faith    .   h - +0 plate armour
rPois    .         Spirit   .   l - +2 helmet
rElec    .         Reflect  .   (no cloak)
rCorr    .         Harm     .   (no gloves)
MR       .....                  c - +0 pair of boots
Stlth    ..........             (no amulet)
HPRegen  0.13/turn              (no ring)
MPRegen  0.09/turn              (no ring)

@: no status effects
A: slimy green scales 2, powered by death 1
a: Depart the Abyss, Bend Space, Renounce Religion


You were on level 3 of the Dungeon.
You worshipped Lugonu.
Lugonu was pleased with you.
You were not hungry.

You visited 1 branch of the dungeon, and saw 4 of its levels.
You visited the Abyss 1 time.

You collected 258 gold pieces.

Inventory:

Hand Weapons
 a - a +2 hand axe (weapon)
Armour
 b - a +0 leather armour
 c - a +0 pair of boots (worn)
 e - a +0 scale mail
 h - a +0 plate armour (worn)
 l - a +2 helmet (worn)
Jewellery
 f - an uncursed ring of ice
Scrolls
 d - 3 scrolls of teleportation
 g - a scroll of identify
 k - a scroll of blinking {unknown}
Potions
 j - a potion of brilliance
Comestibles
 i - 4 rations


   Skills:
 - Level 5.3 Fighting
 - Level 1.7 Axes
 + Level 1.7 Armour
 - Level 0.8 Dodging
 - Level 2.4 Invocations


You had 3 spell levels left.
You didn't know any spells.

Dungeon Overview and Level Annotations

Branches:
Dungeon (4/15)
 Temple: D:4-7

Altars:
Ashenzari
Ru
Vehumet

Annotations:
D:3 lysyklops's ghost, amateur GrFE


Innate Abilities, Weirdness & Mutations

You are mostly covered in slimy green scales. (AC +3)
You regenerate a little health from kills.


Message History

The flame tongue hits you!
* * * LOW HITPOINT WARNING * * *
You closely miss lysyklops's ghost.
Lysyklops's ghost is severely damaged.
You hit the plant but do no damage. Lysyklops's ghost hits you.
* * * LOW HITPOINT WARNING * * *
The goblin hits the plant with a mace.
Lysyklops's ghost hits you but does no damage.
Unknown command.
The goblin hits the plant but does no damage.
A frilled lizard comes into view.
Okay, then.
Lysyklops's ghost casts a spell at you. The flame tongue hits you!
Okay, then.
You see here a stone.
Lysyklops's ghost gestures at you while chanting.
The flame tongue hits you!
Ouch! That really hurt!
You die...

#..###.....###.....#
#..........# ###.#.####
P...(......## #......#
...........(#######...###
............g#..........#
.........#l.l(..†.......#
.........#####W.........#
.........# #......<...#
.........# #..@.......#
......... #..<.......#
....... #..........#
$...........#
#..########## #.. #.. ..


You could see lysyklops's ghost, a goblin and a frilled lizard.

Vanquished Creatures
  A hound (D:4)
  2 adders
  A worm (D:3)
  2 leopard geckos
  3 orcs
  3 giant cockroaches
  5 goblins
  5 hobgoblins
  2 jackals (D:2)
  10 kobolds
  6 bats
  3 frilled lizards
  6 rats
49 creatures vanquished.

Notes
Turn   | Place    | Note
-------+----------+-------------------------------------------
     0 | Abyss:1  | tyranidshit the Demonspawn Abyssal Knight began the quest for the Orb.
     0 | Abyss:1  | Reached XP level 1. HP: 18/18 MP: 2/2
    40 | Abyss:1  | Noticed a large abomination
    81 | Abyss:2  | Noticed a thrashing horror
    81 | Abyss:2  | Noticed a thrashing horror
    84 | D:1      | Escaped the Abyss
   253 | D:1      | Reached * piety under Lugonu
   255 | D:1      | Gained mutation: You are partially covered in slimy green scales. (AC +2) [demonic ancestry]
   255 | D:1      | Reached XP level 2. HP: 12/24 MP: 3/3
   964 | D:2      | Found a shattered altar of Ashenzari.
  1010 | D:2      | Reached skill level 4 in Fighting
  1038 | D:2      | Found a radiant altar of Vehumet.
  1261 | D:2      | Gained mutation: You are mostly covered in slimy green scales. (AC +3) [demonic ancestry]
  1261 | D:2      | Reached XP level 3. HP: 30/30 MP: 4/4
  1587 | D:2      | Found a sacrificial altar of Ru.
  1643 | D:3      | Noticed a sky beast
  1858 | D:3      | Noticed lysyklops's ghost (amateur GrFE)
  2056 | D:4      | Reached skill level 5 in Fighting
  2056 | D:4      | Gained mutation: You regenerate a little health from kills. [demonic ancestry]
  2056 | D:4      | Reached XP level 4. HP: 29/39 MP: 5/5
  2137 | D:3      | Reached ** piety under Lugonu
  2265 | D:3      | Killed from afar by lysyklops's ghost

Skill      XL: |  1  2  3 |
---------------+----------+-----
Fighting       | 4 5 |  5.3
Axes           | |  1.7
Armour         | |  1.7
Dodging        | |  0.8
Invocations    | |  2.4

Action                   |  1- 3 |  4- 6 || total
-------------------------+-------+-------++-------
Melee: Hand axe          |   150 |    29 ||   179
Invok: Depart the Abyss  |     1 |       ||     1
  Use: Scroll            |     7 |       ||     7
       Potion            |     4 |       ||     4
  Eat: Ration            |     1 |     1 ||     2
Armor: Plate armour      |   173 |    27 ||   200
Dodge: Dodged            |    33 |     4 ||    37
